 Dungeon Crawl Stone Soup version 0.30-a0-760-g5a9884bb7c (webtiles) character file.

Game seed: 17320565447278258612

829 MachoJfn the Chopper (level 7, -3/52 HPs)
             Began as a Demonspawn Gladiator on Feb 10, 2023.
             Was an Initiate of Makhleb.
             Slain by a yak (9 damage)
             ... on level 5 of the Dungeon.
             The game lasted 00:15:06 (3159 turns).

MachoJfn the Chopper (Demonspawn Gladiator)         Turns: 3159, Time: 00:15:07

Health: -3/52      AC: 22    Str: 16    XL:     7   Next: 65%
Magic:  7/7        EV:  8    Int: 10    God:    Makhleb [......]
Gold:   147        SH:  0    Dex: 14    Spells: 6/6 levels left

rFire   . . .      SeeInvis .    a - +0 war axe (flame)
rCold   . . .      Faith    .    (no shield)
rNeg    + . .      Spirit   .    g - +0 chain mail
rPois   .          Reflect  .    t - +2 helmet
rElec   .          Harm     .    c - +0 cloak
rCorr   .          Rampage  .    (no gloves)
Will    .....                    (no boots) Stlth
                                 l - amulet of regeneration
HPRegen 2.08/turn                h - +4 ring of slaying
MPRegen 0.10/turn                p - ring of positive energy

@: sanguine armoured
A: claws 2, powered by death 1, sanguine armour 2
a: Renounce Religion


You were on level 5 of the Dungeon.
You worshipped Makhleb.
Makhleb was noncommittal.
You visited 1 branch of the dungeon, and saw 5 of its levels.

You collected 147 gold pieces.

Inventory:

Hand Weapons
 a - a +0 war axe of flaming (weapon)
 i - a +0 vampiric spear
Missiles
 d - 3 throwing nets (quivered)
 e - a javelin
Armour
 c - a +0 cloak (worn)
 g - a +0 chain mail (worn)
 t - a +2 helmet (worn)
Jewellery
 h - a +4 ring of slaying (left claw)
 l - an amulet of regeneration (around neck)
 p - a ring of positive energy (right claw)
Wands
 f - a wand of roots (3)
 n - a wand of light (7)
Scrolls
 b - 2 scrolls of identify
 k - 2 scrolls of vulnerability
 o - a scroll of poison
 q - a scroll of torment {unknown}
 r - a scroll of enchant armour {unknown}
Potions
 j - a potion of brilliance
 s - a potion of berserk rage {unknown}


   Skills:
 + Level 3.6 Fighting
 + Level 6.4 Axes
 + Level 1.9 Throwing
 + Level 3.6 Armour
 + Level 3.3 Dodging
 + Level 0.2 Stealth


You had 6 spell levels left.
You didn't know any spells.
Your spell library contained the following spells:

 Spells                   Type           Power      Damage    Failure   Level
 Apportation              Tloc           0%         N/A       99%         1
 Necrotise                Necr           0%         1d4       99%         1
 Summon Small Mammal      Summ           0%         N/A       99%         1


Dungeon Overview and Level Annotations

Branches:
Dungeon (5/15)
 Temple: D:4-7

Altars:
Gozag
Makhleb
Sif Muna

Shops:
D:2 ([


Innate Abilities, Weirdness & Mutations

You have very sharp fingernails.
You regenerate a little health from kills.
When seriously injured, your blood forms thick armour. (AC +9)


Message History

The yak is moderately wounded.
You hit the yak. You burn the yak. You slash the yak! You burn the yak.
The yak closely misses you. The yak completely misses you.
You slash the yak! You burn the yak.
The yak is severely wounded.
You barely miss the yak. You hit the yak. You burn the yak.
The yak gores you but does no damage. x2; The yak gores you.
You hit the yak but do no damage.
The yak is severely wounded.
You hit the yak. You burn the yak. You barely miss the yak. You slash the yak!
You burn the yak. The yak gores you but does no damage. The yak gores you. x2
The yak barely misses you.
You closely miss the yak.
The yak is moderately wounded.
You closely miss the yak. You barely miss the yak. You closely miss the yak.
The yak gores you.
Your blood congeals into armour.
The yak gores you. The yak gores you but does no damage. The yak gores you.
The yak gores you but does no damage. The yak gores you!
* * * LOW HITPOINT WARNING * * *
The yak barely misses you.
The orc priest looks encouraged for a moment.
The yak gores you.
* * * LOW HITPOINT WARNING * * *
You slash the yak! You burn the yak.
The yak is almost dead.
You hit the yak. You burn the yak. You hit the yak. You burn the yak.
You hit the yak. You burn the yak. The yak gores you but does no damage.
The yak gores you!
* * * LOW HITPOINT WARNING * * *
The yak gores you but does no damage. x2
You feel better.
The yak gores you but does no damage. x2; The yak gores you.
* * * LOW HITPOINT WARNING * * *
The yak gores you.
* * * LOW HITPOINT WARNING * * *
You slash the yak! You burn the yak.
You kill the yak!
Makhleb accepts your kill.
You hit the yak. You burn the yak. You hit the yak. You burn the yak.
You barely miss the yak. The yak gores you!
You die...

##........#
#.....#.##
#.##....# #
#...###
......#.##
#..####..# #.
##.#
..######.##
......Y@Y.#
.....oYY#.#
.....oYr#.#
.......o...
............
............
........##.##
##.......


You could see 5 yaks, an orc priest, 2 orcs and a quokka.

Vanquished Creatures
  Pikel (D:4)
  A yak (D:5)
  2 lemures (D:4)
  A phantom (D:5)
  A scorpion (D:5)
  An iguana (D:4)
  Terence (D:3)
  Natasha (thrice) (D:2)
  Robin (D:3)
  5 adders
  3 adder skeletons (D:2)
  2 worms
  2 dart slugs
  An orc (D:4)
  6 ball pythons
  A bat zombie (D:2)
  3 endoplasms
  4 giant cockroaches
  13 goblins
  7 hobgoblins
  10 kobolds
  5 quokkas
  A ball python skeleton (D:2)
  A ball python zombie (D:2)
  4 bats
  5 frilled lizards
  A giant cockroach zombie (D:2)
  A jackal zombie (D:2)
  A quokka skeleton (D:2)
  5 rats
93 creatures vanquished.

Notes
Turn   | Place    | Note
-------+----------+-------------------------------------------
     0 | D:1      | MachoJfn the Demonspawn Gladiator began the quest for the
                  | Orb.
     0 | D:1      | Reached XP level 1. HP: 16/16 MP: 1/1
   206 | D:1      | Gained mutation: When seriously injured, your blood forms
                  | armour. (AC +9) [demonic ancestry]
   206 | D:1      | Reached XP level 2. HP: 22/22 MP: 2/2
   889 | D:2      | Reached skill level 3 in Axes
   931 | D:2      | Gained mutation: When seriously injured, your blood forms
                  | thick armour. (AC +9) [demonic ancestry]
   931 | D:2      | Reached XP level 3. HP: 20/27 MP: 3/3
   957 | D:2      | Found Raomiesu's Armour Shoppe.
  1169 | D:2      | Found a shimmering blue altar of Sif Muna.
  1180 | D:2      | Noticed Natasha
  1190 | D:2      | Killed Natasha
  1191 | D:2      | Reached skill level 1 in Armour
  1191 | D:2      | Gained mutation: You regenerate a little health from kills.
                  | [demonic ancestry]
  1191 | D:2      | Reached XP level 4. HP: 27/33 MP: 4/4
  1295 | D:2      | Noticed Natasha
  1307 | D:2      | Killed Natasha
  1308 | D:2      | Reached skill level 4 in Axes
  1382 | D:2      | Found Uginepn's Weapon Boutique.
  1390 | D:2      | Noticed Natasha
  1395 | D:2      | Killed Natasha
  1396 | D:2      | Gained mutation: You have sharp fingernails. [demonic
                  | ancestry]
  1396 | D:2      | Reached XP level 5. HP: 24/39 MP: 5/5
  2287 | D:3      | Found an opulent altar of Gozag.
  2325 | D:3      | Noticed Terence
  2326 | D:3      | Noticed Robin
  2341 | D:3      | Killed Terence
  2349 | D:3      | Killed Robin
  2757 | D:3      | Found a burning altar of Makhleb.
  2757 | D:3      | Noticed a blizzard demon
  2760 | D:3      | Noticed a hellwing
  2760 | D:3      | Noticed a ynoxinul
  2762 | D:3      | Became a worshipper of Makhleb the Destroyer
  2899 | D:4      | Gained mutation: You have very sharp fingernails. [demonic
                  | ancestry]
  2899 | D:4      | Reached XP level 6. HP: 46/46 MP: 6/6
  2917 | D:4      | Noticed Pikel
  2935 | D:4      | Killed Pikel
  2936 | D:4      | Reached skill level 6 in Axes
  2936 | D:4      | Reached XP level 7. HP: 26/52 MP: 7/7
  3102 | D:5      | Entered Level 5 of the Dungeon
  3148 | D:5      | Noticed a yak
  3148 | D:5      | Noticed a yak
  3148 | D:5      | Noticed a yak
  3148 | D:5      | Noticed a yak
  3149 | D:5      | Noticed a yak
  3149 | D:5      | Noticed a yak
  3159 | D:5      | Killed a yak
  3159 | D:5      | Slain by a yak

Illustrated notes

Levels and vault maps discovered:
D:1:      lightli_iron_boxes, layout_basic, amethyst_killhole
D:2:      layout_basic, serial_shops, shop, nicolae_shop_bloodbath_and_beyond,
          serial_undead, serial_undead_b, serial_undead_c, serial_undead_d,
          serial_undead_b, serial_undead_f, basic_altar, uniq_natasha
D:3:      layout_basic, mainiacjoe_overflow_alcove_4, makhleb_altar_promises_db,
          uniq_terence, uniq_robin
D:4:      layout_layer_cave, cheibrodos_sewer_entry_bend, grunt_tough_drop,
          uniq_pikel
D:5:      layout_rooms, uniq_ijyb, uniq_edmund

Skill      XL: |  1  2  3  4  5  6 |
---------------+-------------------+-----
Dodging        | 3 |  3.3
Axes           | 3 4 6 |  6.4
Armour         | 1 2 3 |  3.6
Fighting       | 3 |  3.6
Throwing       | |  1.9
Stealth        | |  0.2

Action                     |  1- 3 |  4- 6 |  7- 9 || total
---------------------------+-------+-------+-------++-------
  Melee: War axe           |    83 |   117 |    20 ||   220
         Punch             |     3 |       |     1 ||     4
    Use: Scroll            |     2 |     3 |       ||     5
         Potion            |       |     4 |     1 ||     5
 Armour: Chain mail        |    61 |   111 |    18 ||   190
         Leather armour    |     2 |       |       ||     2
  Dodge: Dodged            |    42 |    52 |     8 ||   102

Table legend: (Time is in decaauts)
 A = Elapsed time spent in this place.
 B = Non-inter-level travel time spent in this place.
 C = Inter-level travel time spent in this place.
 D = Time resting spent in this place.
 E = Time spent auto-exploring this place.
 F = Levels seen in this place.
 G = Mean time per level.
                   A        B        C        D        E       F      G
               +--------+--------+--------+--------+--------+-----+--------+
         Total |   3266 |   2890 |    376 |    472 |   1741 |   5 |  653.2 |
       Dungeon |   3266 |   2890 |    376 |    472 |   1741 |   5 |  653.2 |
               +--------+--------+--------+--------+--------+-----+--------+

Top non-repeatable levels by time:
     D:2: 1365 daAuts
     D:1: 889 daAuts
     D:3: 684 daAuts
     D:4: 268 daAuts
     D:5: 58 daAuts
